[Event "ICC tourney 2333 (75 10)"]
[Site "Internet Chess Club"]
[Date "2021.01.23"]
[Round "1"]
[White "Chessking2008"]
[Black "canary2016"]
[Result "0-1"]
[ICCResult "White resigns"]
[WhiteElo "2200"]
[BlackElo "1923"]
[Opening "English: Caro-Kann defensive system"]
[ECO "A11"]
[NIC "EO.64"]
[Time "13:03:32"]
[PlyCount "52"]
[TimeControl "4500+10"]

1. c4 c6 2. Nc3 d5 3. d4 Nf6 4. e3 Bf5 5. cxd5 cxd5 6. Qb3 Qd7 7. Nf3 e6 8.
Ne5 Qc7 9. Bb5+ Nc6 10. Qa4 Rc8 11. Qxa7 Bd6 12. Nxc6 bxc6 13. Qb7 Qxb7 14.
Be2 O-O 15. O-O Ne4 16. Nxe4 Bxe4 17. b3 h6 18. Bb2 c5 19. dxc5 Bxc5 20.
Rfc1 Bb6 21. Bf1 Rxc1 22. Rxc1 Rc8 23. Ra1 Rc2 24. Be5 Bc7 25. Bxc7 Qxc7
26. b4 Rc1 { White resigns } 0-1

[Event "ICC tourney 2333 (75 10)"]
[Site "Internet Chess Club"]
[Date "2021.01.23"]
[Round "1"]
[White "Openyagami"]
[Black "kunalsh"]
[Result "1-0"]
[ICCResult "Black resigns"]
[WhiteElo "2606"]
[BlackElo "2054"]
[Opening "English opening"]
[ECO "A20"]
[NIC "EO.24"]
[Time "13:04:32"]
[PlyCount "27"]
[TimeControl "4500+10"]

1. c4 e5 2. g3 Nf6 3. Bg2 g6 4. Nf3 d6 5. d4 e4 6. Ng5 Qe7 7. Nc3 Bf5 8.
Qb3 c6 9. O-O b6 10. Qc2 e3 11. Qa4 exf2+ 12. Rxf2 Ng4 13. Bxc6+ Kd8 14.
Nd5 { Black resigns } 1-0

[Event "ICC tourney 2333 (75 10)"]
[Site "Internet Chess Club"]
[Date "2021.01.23"]
[Round "1"]
[White "Assured"]
[Black "AJM04"]
[Result "1-0"]
[ICCResult "Black resigns"]
[WhiteElo "2577"]
[BlackElo "2050"]
[Opening "QGD Slav: 4.e3"]
[ECO "D11"]
[NIC "SL.01"]
[Time "13:03:46"]
[PlyCount "35"]
[TimeControl "4500+10"]

1. d4 d5 2. c4 c6 3. Nf3 Nf6 4. e3 e6 5. b3 Nbd7 6. Bb2 Bd6 7. Bd3 O-O 8.
O-O b6 9. Nbd2 Bb7 10. Ne5 Qe7 11. f4 c5 12. cxd5 exd5 13. Qf3 Rac8 14. Qh3
g6 15. Ndf3 Kg7 16. Nxd7 Qxd7 17. Qxd7 Nxd7 18. dxc5+ { Black resigns } 1-0

[Event "ICC tourney 2333 (75 10)"]
[Site "Internet Chess Club"]
[Date "2021.01.23"]
[Round "1"]
[White "KRASAVCHIK"]
[Black "mr-sosa"]
[Result "1-0"]
[ICCResult "Black resigns"]
[WhiteElo "2648"]
[BlackElo "2086"]
[Opening "Caro-Kann: Panov-Botvinnik, normal variation"]
[ECO "B13"]
[NIC "CK.03"]
[Time "13:04:21"]
[PlyCount "103"]
[TimeControl "4500+10"]

1. e4 c6 2. d4 d5 3. exd5 cxd5 4. c4 Nf6 5. Nc3 Nc6 6. Bg5 e6 7. Nf3 Be7 8.
c5 O-O 9. Bb5 Ne4 10. Bxe7 Nxe7 11. O-O Nxc3 12. bxc3 b6 13. cxb6 Qxb6 14.
Rb1 Qa5 15. Bd3 Ba6 16. Rb4 Bxd3 17. Qxd3 Rab8 18. Ng5 Ng6 19. Rfb1 Rxb4
20. Rxb4 Rc8 21. h4 Nf8 22. a4 h6 23. Nf3 Qc7 24. Rb3 Qf4 25. g3 Qc1+ 26.
Kg2 Qa1 27. Qa6 Rxc3 28. Rxc3 Qxc3 29. Qxa7 Qd3 30. Qxf7+ Kxf7 31. Ne5+ Ke7
32. Nxd3 Kd6 33. f4 Kc6 34. Nc5 Kb6 35. h5 Ka5 36. Kf3 Kb4 37. g4 g6 38.
hxg6 Nxg6 39. Nxe6 Kxa4 40. f5 Nh8 41. Nd8 Kb4 42. Kf4 Kc4 43. Ke5 Kc3 44.
Kxd5 Kd3 45. Ke5 Ke3 46. d5 Kf3 47. d6 Kxg4 48. d7 Kh5 49. Ke6 Kg5 50. Nc6
Nf7 51. Kxf7 Kxf5 52. d8=Q { Black resigns } 1-0

[Event "ICC tourney 2333 (75 10)"]
[Site "Internet Chess Club"]
[Date "2021.01.23"]
[Round "1"]
[White "ASharikov"]
[Black "RisingRook"]
[Result "1-0"]
[ICCResult "Black checkmated"]
[WhiteElo "2281"]
[BlackElo "1988"]
[Opening "Dunst (Sleipner,Heinrichsen) opening"]
[ECO "A00"]
[NIC "VO.15"]
[Time "13:03:58"]
[PlyCount "61"]
[TimeControl "4500+10"]

1. Nc3 e5 2. Nf3 Nc6 3. d4 exd4 4. Nxd4 Nf6 5. Bg5 Bc5 6. e3 O-O 7. Nd5
Bxd4 8. exd4 Qe8+ 9. Ne3 Ne4 10. h4 d6 11. c3 Ne7 12. Bd3 Nf5 13. Qc2 Nxe3
14. Bxe3 d5 15. O-O-O Bd7 16. f3 Nd6 17. Bf4 h6 18. Qf2 b5 19. Rde1 Qd8 20.
Qg3 Nf5 21. Bxf5 Bxf5 22. Bxh6 Qf6 23. Bg5 Qa6 24. Qe5 g6 25. Bh6 f6 26.
Qxd5+ Rf7 27. Qxa8+ Kh7 28. Re8 Kxh6 29. Rh8+ Rh7 30. Qf8+ Kh5 31. Rxh7# {
Black checkmated } 1-0

[Event "ICC tourney 2333 (75 10)"]
[Site "Internet Chess Club"]
[Date "2021.01.23"]
[Round "1"]
[White "SuperWJ"]
[Black "nithin"]
[Result "0-1"]
[ICCResult "White resigns"]
[WhiteElo "1959"]
[BlackElo "2232"]
[Opening "King's Indian: Andersson variation"]
[ECO "E92"]
[NIC "KI.18"]
[Time "13:03:31"]
[PlyCount "100"]
[TimeControl "4500+10"]

1. d4 Nf6 2. c4 g6 3. Nc3 Bg7 4. e4 d6 5. Nf3 O-O 6. Be2 e5 7. dxe5 dxe5 8.
Qxd8 Rxd8 9. Bg5 Re8 10. Nd5 Nxd5 11. cxd5 c6 12. Bc4 cxd5 13. Bxd5 Nc6 14.
O-O-O Nb4 15. Bb3 Be6 16. Bxe6 Rxe6 17. Kb1 h6 18. Be3 Rc6 19. Rd7 b6 20.
Rhd1 Na6 21. a3 Nc5 22. Bxc5 Rxc5 23. Rd8+ Rxd8 24. Rxd8+ Bf8 25. b4 Rb5
26. Rd5 Rxd5 27. exd5 Bd6 28. Nd2 Kf8 29. Kc2 Ke7 30. h3 Bc7 31. Kd3 b5 32.
Ne4 f5 33. Nc3 a6 34. f3 Kd6 35. a4 bxa4 36. Kc4 a3 37. Kb3 Bb6 38. Kxa3
Bd4 39. Ne2 Kxd5 40. Ka4 Kc4 41. Ka5 Bf2 42. Kxa6 Kxb4 43. Kb7 e4 44. fxe4
fxe4 45. Kc6 Kc4 46. Kd6 Kd3 47. Nf4+ Kd2 48. Nxg6 e3 49. Kd5 Bg3 50. Ke4
e2 { White resigns } 0-1

[Event "ICC tourney 2333 (75 10)"]
[Site "Internet Chess Club"]
[Date "2021.01.23"]
[Round "1"]
[White "JQX2019"]
[Black "penguinwizard"]
[Result "0-1"]
[ICCResult "White resigns"]
[WhiteElo "1910"]
[BlackElo "2120"]
[Opening "Queen's Indian: Miles variation"]
[ECO "E12"]
[NIC "QI.02"]
[Time "13:03:41"]
[PlyCount "52"]
[TimeControl "4500+10"]

1. d4 Nf6 2. c4 e6 3. Nf3 b6 4. Bf4 Bb7 5. e3 Bb4+ 6. Nfd2 O-O 7. a3 Bxd2+
8. Nxd2 d6 9. Nf3 Nbd7 10. Be2 Ne4 11. Qc2 f5 12. h4 Qe7 13. b4 Ndf6 14.
Rc1 Ng4 15. O-O h6 16. c5 g5 17. cxd6 cxd6 18. hxg5 hxg5 19. Bh2 Qh7 20.
Bc4 Qh6 21. d5 e5 22. Qe2 Rf7 23. g3 Rh7 24. Rfd1 Nxh2 25. Kg2 Qh3+ 26. Kg1
Ng4 { White resigns } 0-1

[Event "ICC tourney 2333 (75 10)"]
[Site "Internet Chess Club"]
[Date "2021.01.23"]
[Round "1"]
[White "BreatheChessAls"]
[Black "MCTS13"]
[Result "1/2-1/2"]
[ICCResult "White stalemated"]
[WhiteElo "1915"]
[BlackElo "2195"]
[Opening "Queen's pawn, Mason variation"]
[ECO "D00"]
[NIC "QP.08"]
[Time "13:03:32"]
[PlyCount "152"]
[TimeControl "4500+10"]

1. d4 d5 2. Bf4 Nf6 3. e3 c5 4. c3 Nc6 5. Nd2 e6 6. Ngf3 Bd6 7. Bg3 O-O 8.
Bd3 b6 9. O-O Bxg3 10. hxg3 Qc7 11. Bb5 Bb7 12. Bxc6 Bxc6 13. Ne5 Bb5 14.
Re1 Nd7 15. Nxd7 Qxd7 16. f4 f6 17. Nf3 Qf7 18. g4 Qg6 19. g5 Bd3 20. gxf6
gxf6 21. Kf2 Kf7 22. Nh4 Qe4 23. Qh5+ Ke7 24. f5 Rf7 25. fxe6 Qxe6 26. g4
Rg8 27. Rg1 Rg5 28. Qh6 Rxg4 29. Rxg4 Qxg4 30. Nf3 Be4 31. Qf4 Qxf4 32.
exf4 Rg7 33. Rg1 Rxg1 34. Nxg1 Kd6 35. Ne2 Kc6 36. Ng3 cxd4 37. cxd4 Bb1
38. a3 Kb5 39. Ke3 f5 40. Nh5 Kc4 41. Nf6 h6 42. b3+ Kxb3 43. Nxd5 Kc4 44.
Ne7 a5 45. Nc8 Kb5 46. d5 Kc5 47. d6 Kc6 48. Kd4 h5 49. Ke5 Kd7 50. Nxb6+
Kd8 51. Nc4 Bd3 52. Ne3 h4 53. Nd1 h3 54. Nf2 h2 55. Ke6 Be4 56. d7 h1=Q
57. Nxh1 Bxh1 58. Kxf5 Kxd7 59. Ke5 Kc6 60. Kd4 Kb5 61. Kc3 Ka4 62. Kb2 Bd5
63. Kb1 Kxa3 64. Ka1 Kb3 65. Kb1 a4 66. Ka1 a3 67. Kb1 Kb4 68. Ka1 Kc5 69.
Kb1 Kd4 70. Ka1 Kc3 71. Kb1 Kb3 72. Ka1 Bf7 73. Kb1 a2+ 74. Ka1 Kc3 75. f5
Kb3 76. f6 Kc3 { White stalemated } 1/2-1/2

[Event "ICC tourney 2333 (75 10)"]
[Site "Internet Chess Club"]
[Date "2021.01.23"]
[Round "1"]
[White "WonderZ"]
[Black "Volkov"]
[Result "0-1"]
[ICCResult "White checkmated"]
[WhiteElo "2064"]
[BlackElo "2607"]
[Opening "QGD Slav defense: exchange variation"]
[ECO "D10"]
[NIC "SL.01"]
[Time "13:03:32"]
[PlyCount "50"]
[TimeControl "4500+10"]

1. d4 d5 2. c4 c6 3. cxd5 cxd5 4. Nc3 Nc6 5. Bf4 e5 6. Bxe5 Nxe5 7. dxe5 d4
8. Qa4+ b5 9. Nxb5 Bd7 10. Qa6 Bb4+ 11. Kd1 Rb8 12. a4 Nh6 13. h3 O-O 14.
Nf3 Be6 15. Nbxd4 Bb3+ 16. Kc1 Qc7+ 17. Kb1 Rfc8 18. Qc6 Qd8 19. Qe4 Bc3
20. Qd3 Bxb2 21. Nxb3 Qxd3+ 22. exd3 Rxb3 23. Be2 Bc1+ 24. Ka2 Rb2+ 25. Ka3
Rc3# { White checkmated } 0-1

[Event "ICC tourney 2333 (75 10)"]
[Site "Internet Chess Club"]
[Date "2021.01.23"]
[Round "1"]
[White "DLWarrior"]
[Black "e4f5"]
[Result "0-1"]
[ICCResult "White resigns"]
[WhiteElo "1968"]
[BlackElo "2260"]
[Opening "Sicilian: closed"]
[ECO "B23"]
[NIC "SI.44"]
[Time "13:03:59"]
[PlyCount "90"]
[TimeControl "4500+10"]

1. e4 c5 2. Nc3 d6 3. g3 g6 4. Bg2 Bg7 5. d3 e6 6. Nge2 Nc6 7. Be3 Nd4 8.
O-O Ne7 9. Qd2 O-O 10. Bh6 Bxh6 11. Qxh6 Nxc2 12. Rad1 Nc6 13. h4 N2d4 14.
h5 Nxe2+ 15. Nxe2 Qf6 16. Nf4 Qxb2 17. hxg6 hxg6 18. d4 Ne7 19. Rd3 e5 20.
g4 Bxg4 21. Nh3 f6 22. Rg3 Qe2 23. f3 cxd4 24. fxg4 Rf7 25. Nf4 exf4 26.
Rh3 Qe3+ 27. Kh1 Qxh3+ 28. Bxh3 g5 29. Rc1 d3 30. Rd1 Raf8 31. Rxd3 Rh7 32.
Qxh7+ Kxh7 33. Rxd6 Nc6 34. Rd7+ Kg6 35. Rxb7 Rd8 36. Rc7 Rd1+ 37. Kg2 Ne5
38. Rxa7 f3+ 39. Kf2 Rd2+ 40. Kg3 Rd4 41. a4 Rxe4 42. a5 Rf4 43. a6 f2 44.
Ra8 Rf3+ 45. Kh2 Rxh3+ { White resigns } 0-1

[Event "ICC tourney 2333 (75 10)"]
[Site "Internet Chess Club"]
[Date "2021.01.23"]
[Round "1"]
[White "slolla"]
[Black "BlueJay01"]
[Result "1/2-1/2"]
[ICCResult "Game drawn by mutual agreement"]
[WhiteElo "1900"]
[BlackElo "2098"]
[Opening "QGD semi-Slav: Bogolyubov variation"]
[ECO "D46"]
[NIC "SL.08"]
[Time "13:03:44"]
[PlyCount "67"]
[TimeControl "4500+10"]

1. d4 d5 2. c4 c6 3. Nf3 Nf6 4. Nc3 e6 5. e3 Nbd7 6. Bd3 Be7 7. O-O O-O 8.
Qc2 h6 9. e4 dxe4 10. Nxe4 Nxe4 11. Bxe4 Nf6 12. Bd3 b6 13. Bf4 Bb7 14.
Rad1 Qc8 15. c5 Nd5 16. Bd2 bxc5 17. dxc5 Ba6 18. Bxa6 Qxa6 19. a3 Bf6 20.
Rfe1 Rab8 21. Ne5 Qb7 22. Rb1 Bxe5 23. Rxe5 Qb3 24. Qc1 Qd3 25. Rh5 Rb7 26.
Rh3 Qe4 27. Rg3 Kh7 28. b4 a5 29. Qb2 Rg8 30. Re1 Qf5 31. Re5 Qf6 32. Rf3
Qg6 33. Rg3 Qf6 34. Rf3 { Game drawn by mutual agreement } 1/2-1/2

[Event "ICC tourney 2333 (75 10)"]
[Site "Internet Chess Club"]
[Date "2021.01.23"]
[Round "1"]
[White "investigator"]
[Black "pika0008"]
[Result "1/2-1/2"]
[ICCResult "Game drawn by mutual agreement"]
[WhiteElo "2090"]
[BlackElo "1895"]
[Opening "Réti opening"]
[ECO "A11"]
[NIC "RE.06"]
[Time "13:03:37"]
[PlyCount "59"]
[TimeControl "4500+10"]

1. Nf3 d5 2. c4 c6 3. g3 Nf6 4. Bg2 Bf5 5. O-O e6 6. cxd5 exd5 7. Qb3 Qb6
8. d3 Nbd7 9. Nc3 Be7 10. Bf4 O-O 11. Rfe1 Qxb3 12. axb3 Nc5 13. Nd4 Bg6
14. b4 Ne6 15. Nxe6 fxe6 16. b5 a5 17. bxa6 Rxa6 18. Rxa6 bxa6 19. Ra1 Ra8
20. Ra4 Nd7 21. d4 Nb6 22. Ra1 a5 23. e4 Bb4 24. exd5 Bxc3 25. bxc3 exd5
26. Bc7 Nc4 27. Bf1 a4 28. Bxc4 dxc4 29. Bd6 Be4 30. h3 { Game drawn by
mutual agreement } 1/2-1/2

[Event "ICC tourney 2333 (75 10)"]
[Site "Internet Chess Club"]
[Date "2021.01.23"]
[Round "1"]
[White "Drachekokosnuss"]
[Black "KittiesRock18"]
[Result "1-0"]
[ICCResult "Black resigns"]
[WhiteElo "2100"]
[BlackElo "1905"]
[Opening "Sicilian: Richter-Rauzer, Larsen variation, 7.Qd2"]
[ECO "B61"]
[NIC "SI.27"]
[Time "13:03:38"]
[PlyCount "105"]
[TimeControl "4500+10"]

1. e4 c5 2. Nf3 d6 3. d4 cxd4 4. Nxd4 Nf6 5. Nc3 Nc6 6. Bg5 Bd7 7. Qd2 Rc8
8. O-O-O Nxd4 9. Qxd4 Qa5 10. f4 e6 11. e5 dxe5 12. fxe5 Bc5 13. Qd3 Nd5
14. Nxd5 exd5 15. Qxd5 Qc7 16. Bc4 Be6 17. Bb5+ Kf8 18. Qd3 Bd4 19. Rhe1 h6
20. Bh4 Kg8 21. Bg3 Qc5 22. Kb1 Bf2 23. Bxf2 Qxf2 24. Re2 Qc5 25. Ree1 Qb4
26. a3 Qe7 27. Qd6 Qg5 28. Bd7 Rd8 29. Qc7 Qe7 30. Qxd8+ Qxd8 31. Bxe6 Qb6
32. Bb3 Qf2 33. Rf1 Qxg2 34. Bxf7+ Kh7 35. e6 Rc8 36. c3 g5 37. Rfe1 Qxh2
38. e7 Qf2 39. e8=Q Rxe8 40. Bxe8 Qf5+ 41. Ka1 Kg7 42. Re7+ Kf8 43. Rf7+
Qxf7 44. Bxf7 Kxf7 45. Kb1 g4 46. Kc2 h5 47. Kd2 Kg6 48. Ke3 g3 49. Kf3 g2
50. Kxg2 b6 51. Rd7 a5 52. Rd6+ Kf5 53. Rxb6 { Black resigns } 1-0

[Event "ICC tourney 2333 (75 10)"]
[Site "Internet Chess Club"]
[Date "2021.01.23"]
[Round "1"]
[White "jy2020"]
[Black "Solidwrench2"]
[Result "1-0"]
[ICCResult "Black resigns"]
[WhiteElo "2213"]
[BlackElo "1955"]
[Opening "Sicilian"]
[ECO "B56"]
[NIC "SI.25"]
[Time "13:03:29"]
[PlyCount "81"]
[TimeControl "4500+10"]

1. e4 c5 2. Nf3 d6 3. d4 cxd4 4. Nxd4 Nf6 5. Nc3 Nc6 6. f3 e5 7. Nb3 Be7 8.
Be3 O-O 9. Qd2 a5 10. Bb5 Na7 11. Bxa7 Rxa7 12. O-O-O Be6 13. Qf2 Ra8 14.
Kb1 Qc7 15. Rd3 Rfc8 16. Rhd1 Bc4 17. Bxc4 Qxc4 18. Nd2 Qc6 19. Nf1 b5 20.
Ne3 Bf8 21. Ncd5 Nxd5 22. Nxd5 Rab8 23. R3d2 Rb7 24. g4 b4 25. g5 a4 26. b3
Rb5 27. Ne3 Rc5 28. Nc4 Qc7 29. Qe2 Rd8 30. Rd5 Be7 31. h4 Rc8 32. Rxc5
dxc5 33. Rd5 f6 34. Qd2 Rd8 35. bxa4 Rxd5 36. Qxd5+ Kf8 37. a5 fxg5 38.
hxg5 Bxg5 39. a6 Be7 40. Nxe5 Bf6 41. Qf7+ { Black resigns } 1-0

[Event "ICC tourney 2333 (75 10)"]
[Site "Internet Chess Club"]
[Date "2021.01.23"]
[Round "1"]
[White "Mrpeetapizza"]
[Black "schubakov"]
[Result "1-0"]
[ICCResult "Black forfeits on time"]
[WhiteElo "1913"]
[BlackElo "2161"]
[Opening "Sicilian: Kan, 5.Bd3"]
[ECO "B42"]
[NIC "SI.42"]
[Time "13:03:30"]
[PlyCount "93"]
[TimeControl "4500+10"]

1. e4 c5 2. Nf3 e6 3. d4 cxd4 4. Nxd4 a6 5. Bd3 Nf6 6. O-O Qc7 7. Qe2 d6 8.
c4 g6 9. Nc3 Bg7 10. Nf3 O-O 11. h3 Nbd7 12. Be3 Rd8 13. Rac1 Nc5 14. Bb1
Ncd7 15. Rfd1 Ne8 16. Bd4 b6 17. Bxg7 Kxg7 18. b4 Bb7 19. Qb2 Ne5 20. Ne2
Nf6 21. Nxe5 dxe5 22. Ng3 h5 23. h4 Kg8 24. Rxd8+ Rxd8 25. c5 b5 26. Qc3
Bc6 27. a3 Rd4 28. Qe3 Qd8 29. Qg5 Rd1+ 30. Nf1 Rxc1 31. Qxc1 Nxe4 32. Bxe4
Bxe4 33. Ng3 Bc6 34. Qe3 Qd5 35. f3 Qd4 36. Kf2 Kf8 37. Qxd4 exd4 38. Ke2
Ke7 39. Kd3 e5 40. Nf1 Ke6 41. Nd2 Bd5 42. g3 f6 43. g4 Kd7 44. gxh5 gxh5
45. f4 Ke6 46. fxe5 Kxe5 47. Ke2 { Black forfeits on time } 1-0

[Event "ICC tourney 2333 (75 10)"]
[Site "Internet Chess Club"]
[Date "2021.01.23"]
[Round "1"]
[White "SuperPuzzler"]
[Black "mhebden"]
[Result "1/2-1/2"]
[ICCResult "Game drawn by mutual agreement"]
[WhiteElo "1993"]
[BlackElo "2503"]
[Opening "Ruy Lopez: Anderssen variation"]
[ECO "C77"]
[NIC "RL.12"]
[Time "13:03:28"]
[PlyCount "127"]
[TimeControl "4500+10"]

1. e4 e5 2. Nf3 Nc6 3. Bb5 a6 4. Ba4 Nf6 5. d3 d6 6. c3 Be7 7. O-O O-O 8.
Nbd2 Re8 9. Re1 Bf8 10. Nf1 h6 11. Ng3 b5 12. Bc2 g6 13. h3 Bg7 14. Be3 d5
15. Qe2 Be6 16. a4 b4 17. d4 exd4 18. cxd4 dxe4 19. Nxe4 Bd5 20. Nxf6+ Qxf6
21. Rad1 Bxf3 22. Qxf3 Qxf3 23. gxf3 Nxd4 24. Bxd4 Rxe1+ 25. Rxe1 Bxd4 26.
b3 Rd8 27. Kg2 a5 28. Rd1 c5 29. Bd3 Rd5 30. Bc4 Rg5+ 31. Kf1 Kf8 32. Re1
Rf5 33. Kg2 g5 34. Re4 Rf6 35. h4 gxh4 36. Rxh4 Ke7 37. Rh5 Kd6 38. Rd5+
Kc6 39. Rh5 Bc3 40. Kf1 Bd2 41. Rd5 Bg5 42. Rd3 Rf4 43. Ke2 Kc7 44. Rd5 Be7
45. Ke3 Rf6 46. Ke2 Bd6 47. Rh5 Kb6 48. Kf1 Bf8 49. Kg2 Rf4 50. Rd5 Kc7 51.
Re5 Rf6 52. Re8 Bg7 53. Ra8 Rg6+ 54. Kf1 h5 55. Rxa5 Bd4 56. Ra7+ Kb6 57.
Rxf7 Rf6 58. Rxf6+ Bxf6 59. Kg2 Bd8 60. Kh3 Kc6 61. Bf7 h4 62. Bc4 Kd6 63.
a5 Bxa5 64. Kxh4 { Game drawn by mutual agreement } 1/2-1/2

[Event "ICC tourney 2333 (75 10)"]
[Site "Internet Chess Club"]
[Date "2021.01.23"]
[Round "1"]
[White "marble"]
[Black "sirking2800"]
[Result "1-0"]
[ICCResult "Black resigns"]
[WhiteElo "2508"]
[BlackElo "2005"]
[Opening "Ruy Lopez: closed, anti-Marshall 8.a4"]
[ECO "C88"]
[NIC "RL.18"]
[Time "13:03:30"]
[PlyCount "61"]
[TimeControl "4500+10"]

1. e4 e5 2. Nf3 Nc6 3. Bb5 a6 4. Ba4 Nf6 5. O-O Be7 6. Re1 b5 7. Bb3 O-O 8.
a4 Bb7 9. d3 d6 10. Nbd2 Na5 11. Ba2 c5 12. Nf1 Qc7 13. Ne3 Bc8 14. Bd2 Nc6
15. axb5 Nd4 16. Bc4 a5 17. c3 Nxf3+ 18. Qxf3 Rb8 19. Nf5 Bd8 20. Bg5 Be6
21. Ra3 Bxf5 22. Qxf5 Qe7 23. Re3 h6 24. Bxf6 Qxf6 25. Qd7 Bb6 26. Rf3 Qg6
27. h4 h5 28. g3 Rbc8 29. Qb7 Rb8 30. Bxf7+ Kh8 31. Bxg6 { Black resigns }
1-0

[Event "ICC tourney 2333 (75 10)"]
[Site "Internet Chess Club"]
[Date "2021.01.23"]
[Round "1"]
[White "e4betterthand4"]
[Black "ryanwang"]
[Result "1/2-1/2"]
[ICCResult "Game drawn by mutual agreement"]
[WhiteElo "2130"]
[BlackElo "1911"]
[Opening "Sicilian: Pelikan (Lasker/Sveshnikov) variation"]
[ECO "B33"]
[NIC "SI.36"]
[Time "13:03:52"]
[PlyCount "81"]
[TimeControl "4500+10"]

1. e4 c5 2. Nf3 Nc6 3. d4 cxd4 4. Nxd4 Nf6 5. Nc3 e5 6. Ndb5 d6 7. Bg5 a6
8. Bxf6 gxf6 9. Na3 b5 10. Nd5 Bg7 11. Bd3 Ne7 12. Nxe7 Qxe7 13. c4 f5 14.
cxb5 d5 15. exd5 e4 16. O-O Bxb2 17. Nc4 Bxa1 18. Qxa1 O-O 19. d6 Qg5 20.
f4 Qg7 21. Ne5 Bb7 22. bxa6 Bxa6 23. Bxa6 Rxa6 24. d7 f6 25. Qd4 fxe5 26.
Qd5+ Qf7 27. d8=Q Rxd8 28. Qxd8+ Qf8 29. Qxf8+ Kxf8 30. fxe5 Rxa2 31. Rxf5+
Ke7 32. g4 e3 33. h3 Ra1+ 34. Rf1 Rxf1+ 35. Kxf1 Ke6 36. Ke2 Kxe5 37. Kxe3
h5 38. g5 h4 39. Kf3 Kf5 40. g6 Kxg6 41. Kg4 { Game drawn by mutual
agreement } 1/2-1/2

[Event "ICC tourney 2333 (75 10)"]
[Site "Internet Chess Club"]
[Date "2021.01.23"]
[Round "1"]
[White "musk6868"]
[Black "TjkTiger"]
[Result "0-1"]
[ICCResult "White resigns"]
[WhiteElo "2051"]
[BlackElo "2597"]
[Opening "Sicilian: Hungarian variation"]
[ECO "B27"]
[NIC "SI.43"]
[Time "13:04:16"]
[PlyCount "70"]
[TimeControl "4500+10"]

1. e4 c5 2. Nf3 g6 3. c3 d5 4. exd5 Qxd5 5. d4 Bg7 6. Na3 cxd4 7. Nb5 Na6
8. Nbxd4 Nf6 9. Be2 O-O 10. O-O b6 11. Qa4 Nc5 12. Qc6 Bb7 13. Qxd5 Nxd5
14. Nb3 Ne6 15. g3 Rfd8 16. Ng5 Nec7 17. Bf3 Rab8 18. Bg2 e5 19. Bd2 h6 20.
Nf3 a5 21. a4 Ne7 22. Rfe1 Bd5 23. Ra3 Nc6 24. Be3 Bf8 25. Nbd2 Bxa3 26.
bxa3 Kg7 27. Rb1 b5 28. axb5 Nxb5 29. c4 Bxf3 30. Bxf3 Nxa3 31. Rxb8 Nxb8
32. c5 Nc2 33. c6 Nxc6 34. Bb6 Rxd2 35. Bxc6 Rd6 { White resigns } 0-1

[Event "ICC tourney 2333 (75 10)"]
[Site "Internet Chess Club"]
[Date "2021.01.23"]
[Round "1"]
[White "dpomerantz135"]
[Black "fleshlumpeater"]
[Result "0-1"]
[ICCResult "White resigns"]
[WhiteElo "2238"]
[BlackElo "1966"]
[Opening "Sicilian: Nimzovich-Rossolimo attack (with ...g6, without ...d6)"]
[ECO "B31"]
[NIC "SI.31"]
[Time "13:03:32"]
[PlyCount "96"]
[TimeControl "4500+10"]

1. e4 c5 2. Nf3 Nc6 3. Bb5 g6 4. O-O Bg7 5. Re1 Nf6 6. e5 Nd5 7. Nc3 Nc7 8.
Bxc6 dxc6 9. d3 O-O 10. Ne4 b6 11. h3 Ne6 12. Be3 Qc7 13. Neg5 h6 14. Nxe6
Bxe6 15. Bf4 Rfd8 16. Qe2 Rd7 17. a4 a5 18. Qe3 Kh7 19. d4 c4 20. c3 Rb8
21. Nd2 Qd8 22. Qe2 b5 23. Ne4 Ra7 24. Nc5 Qd5 25. axb5 cxb5 26. Qe4 Qxe4
27. Rxe4 Bd5 28. Re2 e6 29. f3 Rba8 30. Kf2 Bf8 31. Ne4 Be7 32. Nf6+ Bxf6
33. exf6 g5 34. Be5 Kg6 35. h4 a4 36. hxg5 a3 37. Rxa3 Rxa3 38. bxa3 Rxa3
39. gxh6 Rxc3 40. Re1 b4 41. Rh1 Kh7 42. Ra1 Ra3 43. Rb1 b3 44. Bf4 Ra2+
45. Kg3 c3 46. Bc1 c2 47. Rb2 Ra1 48. Be3 Rb1 { White resigns } 0-1

[Event "ICC tourney 2333 (75 10)"]
[Site "Internet Chess Club"]
[Date "2021.01.23"]
[Round "1"]
[White "saisneha"]
[Black "f5"]
[Result "1/2-1/2"]
[ICCResult "Game drawn by mutual agreement"]
[WhiteElo "1927"]
[BlackElo "2207"]
[Opening "Dutch: Leningrad, main variation"]
[ECO "A87"]
[NIC "HD.10"]
[Time "13:03:35"]
[PlyCount "97"]
[TimeControl "4500+10"]

1. d4 f5 2. c4 Nf6 3. Nf3 g6 4. g3 Bg7 5. Bg2 d6 6. Nc3 O-O 7. O-O Qe8 8.
Qc2 e5 9. dxe5 dxe5 10. Rd1 e4 11. Nd4 c6 12. Rb1 Qf7 13. b3 Na6 14. Ba3
Re8 15. e3 Ng4 16. Nce2 Ne5 17. Nf4 g5 18. Nfe2 Nc7 19. Bd6 Be6 20. Bxe5
Bxe5 21. Nxe6 Nxe6 22. Rd2 Rad8 23. Rbd1 Qf6 24. f3 exf3 25. Rxd8 Rxd8 26.
Rxd8+ Nxd8 27. Bxf3 Ne6 28. Qd2 Qd8 29. Qxd8+ Nxd8 30. Nd4 f4 31. Kf2 fxg3+
32. hxg3 Kf7 33. Be2 c5 34. Nf3 Kf6 35. g4 Bc3 36. Bd3 h6 37. Be4 b6 38.
Ke2 Nf7 39. Kd3 Bb4 40. Bd5 Nh8 41. Ke4 Ng6 42. Kd3 Nh4 43. Ke4 Nxf3 44.
Kxf3 Ke5 45. Bc6 Ba3 46. Bb7 Bc1 47. Bc6 a6 48. Bb7 a5 49. Ba6 { Game drawn
by mutual agreement } 1/2-1/2

[Event "ICC tourney 2333 (75 10)"]
[Site "Internet Chess Club"]
[Date "2021.01.23"]
[Round "1"]
[White "largecrab"]
[Black "CoolKoiFish"]
[Result "1/2-1/2"]
[ICCResult "Game drawn because neither player has mating material"]
[WhiteElo "2166"]
[BlackElo "1914"]
[Opening "Giuoco Pianissimo"]
[ECO "C55"]
[NIC "IG.01"]
[Time "13:03:41"]
[PlyCount "252"]
[TimeControl "4500+10"]

1. e4 e5 2. Nf3 Nc6 3. Bc4 Nf6 4. d3 Bc5 5. c3 d6 6. O-O h6 7. a4 a5 8. Na3
O-O 9. Nc2 Re8 10. Be3 Bxe3 11. Nxe3 Be6 12. Qb3 Bxc4 13. Nxc4 b6 14. Ne3
Ne7 15. Nh4 d5 16. Rad1 Qd6 17. exd5 Nfxd5 18. Nc4 Qf6 19. Nf3 Ng6 20. Ne3
Ndf4 21. Rfe1 Rad8 22. Qc4 c5 23. Qe4 Qe6 24. h3 Rd7 25. Nf5 Red8 26. Nxe5
Qxe5 27. Qxe5 Nxe5 28. Rxe5 Rxd3 29. Rxd3 Nxd3 30. Re2 Nf4 31. Re4 Nd3 32.
Re2 Nf4 33. Re4 Nd3 34. b3 Nb2 35. Rg4 g6 36. Nxh6+ Kg7 37. Nf5+ Kf6 38.
Ne3 Rd2 39. Rf4+ Kg7 40. Rf3 Rd3 41. Kf1 Kg8 42. Ng4 Rd2 43. Nf6+ Kg7 44.
Ne4 Rc2 45. Rf6 c4 46. Rxb6 cxb3 47. Rxb3 Nxa4 48. Ra3 Nb2 49. Rxa5 Nd3 50.
Ra7 Nf4 51. Kg1 Kf8 52. Nd6 f5 53. c4 Nd3 54. Rf7+ Kg8 55. Rf6 Kh7 56. Rf7+
Kg8 57. Rc7 Nxf2 58. c5 Ne4 59. Nxe4 fxe4 60. c6 e3 61. Kf1 Kf8 62. Rc8+
Kf7 63. c7 Kg7 64. h4 Kh7 65. Ke1 Kg7 66. Kd1 Rc3 67. Ke2 Kh7 68. Kf3 Kg7
69. g4 Kh7 70. h5 gxh5 71. gxh5 Kg7 72. h6+ Kh7 73. Ke2 Rc6 74. Kxe3 Rc5
75. Kd4 Rc1 76. Ke4 Re1+ 77. Kf5 Rf1+ 78. Ke6 Re1+ 79. Kd7 Rd1+ 80. Ke7
Re1+ 81. Kf8 Rf1+ 82. Ke8 Re1+ 83. Kd7 Rd1+ 84. Kc6 Rc1+ 85. Kb6 Rb1+ 86.
Ka5 Ra1+ 87. Kb5 Rb1+ 88. Ka4 Ra1+ 89. Kb3 Rc1 90. Kb2 Rc6 91. Kb3 Rc1 92.
Kb4 Rb1+ 93. Kc4 Rc1+ 94. Kd3 Rc6 95. Ke4 Rc1 96. Kd3 Rc6 97. Kd2 Rc5 98.
Ke2 Rc1 99. Kf3 Rc6 100. Kg4 Rc1 101. Kg5 Rg1+ 102. Kf5 Rf1+ 103. Ke4 Re1+
104. Kf4 Rf1+ 105. Kg3 Rc1 106. Kh3 Rc5 107. Kh4 Rc1 108. Kg3 Rc6 109. Kf3
Rc1 110. Ke3 Rc6 111. Kd4 Rc1 112. Kd3 Rc6 113. Ke4 Rc1 114. Kf4 Rf1+ 115.
Kg3 Rc1 116. Kg2 Rc6 117. Kh2 Rc1 118. Kh3 Rc6 119. Kg4 Rc1 120. Rf8 Rxc7
121. Rf6 Rc4+ 122. Kf5 Rc5+ 123. Kg4 Rc4+ 124. Kg5 Rc5+ 125. Rf5 Rxf5+ 126.
Kxf5 Kxh6 { Game drawn because neither player has mating material } 1/2-1/2